 Dungeon Crawl Stone Soup version 0.32-a0-918-g0f22ef8d61 (webtiles) character file.

Game seed: 8047807565122114926

123 jlumianski the Covered (level 5, -1/33 HPs)
             Began as a Gargoyle Fighter on Apr 12, 2024.
             Slain by an ogre
             ... wielding a +0 giant spiked club
              (16 damage)
             ... on level 3 of the Dungeon.
             The game lasted 00:07:40 (2175 turns).

jlumianski the Covered (Gargoyle Fighter)           Turns: 2175, Time: 00:07:41

Health: -1/33      AC: 17    Str: 22    XL:     5   Next: 7%
Magic:  5/5        EV:  5    Int:  8    God:
Gold:   92         SH:  4    Dex:  9    Spells: 4/4 levels left

rFire   . . .        a - +0 war axe
rCold   . . .        c - +0 buckler
rNeg    + . .        i - +0 plate armour
rPois   ∞            (no helmet)
rElec   +            t - +0 cloak
rCorr   .            (no gloves)
SInv    +            (no boots)
Will    .....        (no amulet) Stlth
                     m - ring of see invisible
HPRegen 0.25/turn    (no ring)
MPRegen 0.09/turn

%: no passive effects
@: no status effects
A: sickness immunity, AC +4, negative energy resistance 1, electricity
resistance, torment resistance 1, petrification resistance
a: no special abilities


You were on level 3 of the Dungeon.
You visited 1 branch of the dungeon, and saw 4 of its levels.

You collected 92 gold pieces.

Inventory:

Hand Weapons
 a - a +0 war axe (weapon)
Missiles
 j - 3 poisoned darts
 p - 6 javelins (quivered)
Armour
 b - a +0 scale mail
 c - a +0 buckler (worn)
 i - a +0 plate armour (worn)
 t - a +0 cloak (worn)
Jewellery
 m - a ring of see invisible (left hand)
Scrolls
 e - a scroll of noise
 f - a scroll of vulnerability {unknown}
 h - 2 scrolls of identify {unknown}
 k - a scroll of teleportation {unknown}
Potions
 d - a potion of might
 g - a potion of curing {unknown}
 l - a potion of mutation {unknown}
 n - a potion of resistance {unknown}
 o - a potion of brilliance {unknown}
 q - a potion of haste {unknown}
 r - a potion of degeneration {unknown}
 s - a potion of attraction {unknown}


   Skills:
 + Level 3.9 Fighting
 + Level 3.2 Axes
 + Level 4.1 Armour
 + Level 3.8 Shields


You had 4 spell levels left.
You didn't know any spells.
Your spell library contained the following spells:

 Spells                   Type           Power      Damage    Failure   Level
 Summon Small Mammal      Summ           0%         N/A       100%        1
 Call Canine Familiar     Summ           0%         N/A       100%        3
 Summon Blazeheart Golem  Fire/Summ      0%         N/A       100%        4


Dungeon Overview and Level Annotations

Branches:
Dungeon (4/15)
 Temple: D:4-7

Altars:
Dithmenos
Makhleb
Wu Jian


Innate Abilities, Weirdness & Mutations

You are immune to sickness and miasma.
Your stone body is resilient. (AC +4)
You are immune to poison.
You resist negative energy. (rN+)
You are resistant to electric shocks. (rElec)
You are resistant to unholy torment.
You are immune to petrification.


Message History

Things that are here:
a +0 short sword; a +0 scale mail; an orc corpse
Items here: ))) [[[ †.
There is an open door here.
Things that are here:
a +4 dagger; an orc corpse As you open the door, it creaks loudly!
There is an open door here.
You see here a quokka skeleton.
There is a large open door here.
There is a large open door here.
There is an open door here.
Done exploring.
There is an open door here.
There is a stone staircase leading down here.
You climb downwards.
The endoplasm freezes you.
You are frozen.
The ogre barely misses you. The endoplasm barely misses you.
There is a stone staircase leading up here.
The ogre hits you with a +0 giant spiked club!
The endoplasm freezes you.
You are frozen.
You climb upwards.
There is a stone staircase leading down here.
The endoplasm freezes you.
You are frozen.
The endoplasm attacks as it pursues you!
The endoplasm barely misses you.
There is a large open door here.
There is a large open door here.
You hit the ogre.
The ogre is moderately wounded.
The ogre barely misses you.
You hit the ogre.
The ogre is moderately wounded.
The ogre completely misses you.
You hit the ogre.
The ogre is heavily wounded.
The ogre hits you with a +0 giant spiked club!
You die...

#..#.#........#.#.......###.#.#.#
#....#...#.####.##.......##.#.#..
#........#.# #.<........####.###
#...###..#.#############.<..#.##.
....# #..#.........# #.##.#....
....# #..#.........######...####.
....###..#.........+........# #.
.........#.........######...# #.
#.#.###.##.#####@### #...# #.
#.#........#####O#### #...# #.
#.###...#.......J...#####...####'
#.# #...#.......>..........##....
#.# #...#..................##....
#.###...#..................##....
#.......#..................''....
.....#..#..................##....
.....#..#...........#########÷...


You could see an ogre and an endoplasm.

Vanquished Creatures
  An orc wizard (D:3)
  2 adders
  2 ufetubi (D:3)
  2 dart slugs
  2 ribbon worms (D:2)
  4 orcs (D:3)
  A bat (D:3)
  9 endoplasms
  2 giant cockroaches
  2 hobgoblins (D:1)
  5 jackals
  2 quokkas
  3 ball pythons (D:1)
  3 frilled lizards
  4 goblins
  6 kobolds
  4 rats
54 creatures vanquished.

Notes
Turn   | Place    | Note
-------+----------+-------------------------------------------
     0 | D:1      | jlumianski the Gargoyle Fighter began the quest for the
                  | Orb.
     0 | D:1      | Reached XP level 1. HP: 14/14 MP: 1/1
   122 | D:1      | Reached XP level 2. HP: 18/19 MP: 2/2
   191 | D:2      | Found a shadowy altar of Dithmenos.
   660 | D:1      | Reached XP level 3. HP: 23/23 MP: 3/3
  1215 | D:2      | Reached XP level 4. HP: 29/29 MP: 4/4
  1448 | D:3      | Reached skill level 4 in Armour
  1830 | D:4      | Noticed an ogre
  1830 | D:4      | Found an ornate altar of the Wu Jian Council.
  1830 | D:4      | Found a burning altar of Makhleb.
  1857 | D:3      | Found a faded altar of an unknown god.
  1958 | D:3      | Reached XP level 5. HP: 16/33 MP: 5/5
  2175 | D:3      | Slain by an ogre

Illustrated notes

Levels and vault maps discovered:
D:1:      lightli_arrival_chessboard, layout_loops_cross, minivault_25
D:2:      layout_basic, basic_altar, st_stairs_3
D:3:      layout_basic, shapermc_ecumenical_altar_starsandcircs
D:4:      layout_loops_corners, zin_statuary, lemuel_crystal_altar,
          grunt_temple_overflow_open

Skill      XL: |  1  2  3  4 |
---------------+-------------+-----
Axes           | 2 3 |  3.2
Armour         | 4 |  4.1
Fighting       | |  3.9
Shields        | |  3.8

Action                     |  1- 3 |  4- 6 || total
---------------------------+-------+-------++-------
  Melee: War axe           |   103 |    77 ||   180
  Throw: Javelin           |       |     2 ||     2
    Use: Scroll            |     1 |       ||     1
 Armour: Scale mail        |    35 |       ||    35
         Plate armour      |    58 |   122 ||   180
  Dodge: Dodged            |    26 |    33 ||    59
  Block: Buckler           |    25 |    20 ||    45

Table legend: (Time is in decaauts)
 A = Elapsed time spent in this place.
 B = Non-inter-level travel time spent in this place.
 C = Inter-level travel time spent in this place.
 D = Time resting spent in this place.
 E = Time spent auto-exploring this place.
 F = Levels seen in this place.
 G = Mean time per level.
                   A        B        C        D        E       F      G
               +--------+--------+--------+--------+--------+-----+--------+
         Total |   2254 |   2238 |     16 |      0 |   1502 |   4 |  563.5 |
       Dungeon |   2254 |   2238 |     16 |      0 |   1502 |   4 |  563.5 |
               +--------+--------+--------+--------+--------+-----+--------+

Top non-repeatable levels by time:
     D:3: 980 daAuts
     D:1: 924 daAuts
     D:2: 340 daAuts
     D:4: 10 daAuts
